 Dungeon Crawl Stone Soup version 0.17.2-1-ge4368a0 (webtiles) character file.

39 tidbits the Insei (level 3, -6/27 HPs)
             Began as a Demigod Transmuter on Sept 22, 2017.
             Mangled by an orc
             ... wielding a +0 flail
              (7 damage)
             ... on level 3 of the Dungeon.
             The game lasted 00:05:54 (890 turns).

tidbits the Insei (Demigod Transmuter)               Turns: 890, Time: 00:05:54

Health: -6/27      AC:  2    Str: 13    XL:     3   Next: 11%
Magic:  2/8        EV: 18    Int: 19    God:
Gold:   79         SH:  0    Dex: 21    Spells: 3 memorised, 0 levels left

rFire  . . .     SeeInvis .       - Unarmed
rCold  . . .     Clarity  .     b - +0 robe
rNeg   . . .     SustAt   +     (no shield)
rPois  .         Gourm    .     (no helmet)
rElec  .         Spirit   .     (no cloak)
rCorr  .         Warding  .     (no gloves)
rMut   .         Stasis   .     (no boots)
MR     .....                    (no amulet)
Stlth  +++.......               (no ring)
                                (no ring)

@: agile, about to teleport, flying, very slightly contaminated, not resistant
to hostile enchantments, fairly stealthy
A: high mp 1, sustain attributes
a: no special abilities


You were on level 3 of the Dungeon.
You were hungry.

You visited 1 branch of the dungeon, and saw 4 of its levels.

You collected 79 gold pieces.

Inventory:

Missiles
 a - 14 arrows
 h - 19 stones (quivered)
Armour
 b - a +0 robe (worn)
 g - a cursed +0 ring mail
   (You found it on level 2 of the Dungeon)
Jewellery
 m - an uncursed ring of fire
   (You found it on level 2 of the Dungeon)
Scrolls
 e - 2 scrolls of remove curse
 i - 2 scrolls of identify
Books
 c - a book of Changes

   Spells                             Type                      Level
   a - Beastly Appendage              Transmutation                1
   b - Sticks to Snakes               Transmutation                2
   c - Spider Form                    Transmutation/Poison         3
   d - Ice Form                       Ice/Transmutation            4
   e - Blade Hands                    Transmutation                5
Comestibles
 d - a bread ration
 f - a meat ration
 o - a chunk of flesh


   Skills:
 - Level 0.8 Fighting
 - Level 1.7 Dodging
 + Level 3.5 Unarmed Combat
 - Level 2.0 Spellcasting
 + Level 2.2 Transmutations


You couldn't memorise any spells.
You knew the following spells:

 Your Spells              Type           Power        Failure   Level  Hunger
e - Beastly Appendage     Trmt           ##....       10%         1    #......
k - Sticks to Snakes      Trmt           ##........   12%         2    ###....
p - Spider Form           Trmt/Pois      #.........   34%         3    ###....


Dungeon Overview and Level Annotations

Branches:
Dungeon (4/15)
 Temple: D:4-7


Innate Abilities, Weirdness & Mutations

You have an increased reservoir of magic (+10% MP).
Your attributes are resistant to harm.


Message History

The goblin is heavily wounded.
The rat bites you but does no damage. The goblin closely misses you.
You barely miss the goblin. You claw the goblin.
The goblin is almost dead.
The rat closely misses you. The goblin hits you with a dagger.
You barely miss the goblin. Your kick misses the goblin.
The goblin is almost dead.
Your transformation is almost over.
The rat barely misses you. The goblin barely misses you.
You closely miss the goblin.
The goblin is almost dead.
The rat barely misses you. The goblin barely misses you.
You hit the goblin.
You kill the goblin!
The rat completely misses you.
You hit the rat.
You kill the rat!
An orc comes into view. It is wielding a flail.
The orc shouts!
A hobgoblin comes into view. It is wielding a club.
The hobgoblin shouts!
The hobgoblin moves out of view.
The orc barely misses you.
There is a stone staircase leading down here.
You see here a dagger.
Your talons disappear.
You are feeling hungry.
Casting: Beastly Appendage
Confirm with . or Enter, or press ? or * to list all spells.
You miscast Spider Form.
You feel faint for a moment. The orc hits you with a flail!
* * * LOW HITPOINT WARNING * * *
Drink which item? (? for menu, Esc to quit)
It was a potion of flight.
You feel very buoyant.
You fly up into the air.
The orc misses you.
A quokka comes into view.
A bat comes into view.
Drink which item? (? for menu, Esc to quit)
Okay, then.
Read which item? (? for menu, Esc to quit)
As you read the scroll labeled PADGHA LUGONAI, it crumbles to dust.
You feel blessed for a moment.
It was a scroll of remove curse.
Read which item? (? for menu, Esc to quit)
As you read the scroll labeled RINGYO HOSM, it crumbles to dust.
It is a scroll of identify.
Identify which item? (\ to view known items) (? for menu, Esc to quit)
k - a potion of poison The bat closely misses you.
The orc hits you with a flail.
* * * LOW HITPOINT WARNING * * *
The bat closely misses you.
Drink which item? (? for menu, Esc to quit)
It was a potion of agility.
You feel agile all of a sudden. The bat closely misses you. The orc misses you.
The bat hits you but does no damage. The bat misses you.
The bat completely misses you. The bat closely misses you.
The quokka bites you.
* * * LOW HITPOINT WARNING * * *
The bat barely misses you.
The quokka bites you but does no damage.
The bat completely misses you. The bat completely misses you.
You reach down and open the door. 3 orcs and an orc wizard come into view.
The bat misses you. The quokka barely misses you.
The bat hits you but does no damage.
An orc wizard comes into view. It is wielding a dagger.
The bat hits you but does no damage. The bat misses you.
The quokka closely misses you.
There is an open door here.
Drink which item? (? for menu, Esc to quit)
Okay, then.
Read which item? (? for menu, Esc to quit)
As you read the scroll labeled YWNAOC FI WAE, it crumbles to dust.
You hear a loud clanging noise!
It was a scroll of noise.
The orc shouts!
The orc wizard shouts!
You hear a shout!
The bat misses you. The hobgoblin misses you.
The orc wizard gestures wildly while chanting.
The orc wizard blinks!
The orc barely misses you. The quokka misses you.
An orc comes into view.
Read which item? (? for menu, Esc to quit)
As you read the scroll labeled TAYBBU MEEVIADE, it crumbles to dust.
The scroll dissolves into smoke.
It was a scroll of fog.
The orc misses you. The quokka misses you. The hobgoblin misses you.
The orc misses you.
Read which item? (? for menu, Esc to quit)
As you read the scroll labeled LEDDURHEROP, it crumbles to dust.
You feel strangely unstable.
It was a scroll of teleportation.
The quokka misses you. The orc completely misses you.
The hobgoblin completely misses you.
Casting: Spider Form
Confirm with . or Enter, or press ? or * to list all spells.
You don't have enough magic to cast that spell.
Drink which item? (? for menu, Esc to quit)
Okay, then.
Drop what? 12/52 slots (_ for help) (? for menu, Esc to quit)
You drop a potion of poison.
The quokka bites you.
* * * LOW HITPOINT WARNING * * *
The orc closely misses you. The orc hits you with a flail!
You die...

######## #....§§#
##########....§g########
.>)...........bo@§ooo.oo
##########....§r####o.##
#....§§# #......#
#......# #......#
######## ....##.


You could see 2 orcs, a quokka, a hobgoblin and a bat.

Vanquished Creatures
  An adder (D:2)
  A worm (D:2)
  A giant gecko (D:4)
  2 giant cockroaches (D:1)
  5 goblins
  3 hobgoblins
  3 kobolds
  2 bats (D:1)
  2 giant newts
  2 rats (D:3)
22 creatures vanquished.

Vanquished Creatures (collateral kills)
  A worm (D:3)
  A hobgoblin (D:1)
2 creatures vanquished.

Grand Total: 24 creatures vanquished

Notes
Turn   | Place    | Note
--------------------------------------------------------------
     0 | D:1      | tidbits the Demigod Transmuter began the quest for the Orb.
     0 | D:1      | Reached XP level 1. HP: 15/15 MP: 5/5
    32 | D:2      | Found a snail-covered altar of Cheibriados.
   132 | D:2      | Reached skill level 2 in Spellcasting
   132 | D:2      | Reached skill level 2 in Transmutations
   132 | D:2      | Reached XP level 2. HP: 10/22 MP: 5/7
   134 | D:2      | Reached skill level 3 in Unarmed Combat
   339 | D:1      | Learned a level 2 spell: Sticks to Snakes
   728 | D:3      | Reached XP level 3. HP: 22/27 MP: 1/8
   784 | D:3      | Learned a level 3 spell: Spider Form
   890 | D:3      | HP: 1/27 [quokka (3)]
   890 | D:3      | Mangled by an orc

Action                   || total
-------------------------++-------
Melee: Unarmed           ||    84
 Cast: Beastly Appendage ||    17
       Sticks to Snakes  ||     6
       Spider Form       ||     1
  Use: Potion            ||     4
       Scroll            ||     5
  Eat: Chunk             ||     1

Table legend:
 A = Turns spent in this place as a percentage of turns spent in the entire game.
 B = Non-inter-level travel turns spent in this place as a percentage of non-inter-level travel turns spent in the entire game.
 C = Inter-level travel turns spent in this place as a percentage of turns spent in this place.
 D = Turns resting spent in this place as a percentage of non-inter-level travel turns spent in this place.
 E = Turns spent auto-exploring this place as a percentage of non-inter-level travel turns spent in this place.
 F = Non-inter-level travel turns spent in this place divided by the number of levels of this place that you've seen.
                   A       B       C       D       E      F
               +-------+-------+-------+-------+-------+----------------------
         Total | 100.0 | 100.0 |   0.0 |   0.0 |   0.0 | 214.0
       Dungeon | 100.0 | 100.0 |   0.0 |   0.0 |   0.0 | 214.0
               +-------+-------+-------+-------+-------+----------------------

Table legend:
 A = Kills in this place as a percentage of kills in entire the game.
 B = Kills by you in this place as a percentage of kills by you in the entire game.
 C = Kills by friends in this place as a percentage of kills by friends in the entire game.
 D = Other kills in this place as a percentage of other kills in the entire game.
 E = Experience gained in this place as a percentage of experience gained in the entire game.
 F = Experience gained in this place divided by the number of levels of this place that you have seen.
                   A       B       C       D       E      F
               +-------+-------+-------+-------+-------+----------------------
         Total | 100.0 | 100.0 | 100.0 |  -nan | 100.0 |  14.0
       Dungeon | 100.0 | 100.0 | 100.0 |  -nan | 100.0 |  14.0
               +-------+-------+-------+-------+-------+----------------------

Vault maps used:
D:1:      dpeg_arrival_simpleton_b, minivault_14
D:2:      overflow_temple_1_default
D:3:      led_sif_pool, nemelex_deck, yredelemnul_forgotten_temple_becter
D:4:      minmay_temple_entry_junction
